 Dungeon Crawl Stone Soup version 0.30-a0-51-g784eafce7f (webtiles) character file.

Game seed: 11413182691038142687

1983 jlumianski the Cleaver (level 9, -2/66 HPs)
             Began as a Demonspawn Gladiator on Sept 6, 2022.
             Blown up by Joseph (14 damage)
             ... with a mindburst bolt
             ... on level 7 of the Dungeon.
             The game lasted 00:24:51 (7056 turns).

jlumianski the Cleaver (Demonspawn Gladiator)       Turns: 7056, Time: 00:24:51

Health: -2/66      AC: 22    Str: 19    XL:     9   Next: 1%
Magic:  9/9        EV:  7    Int: 10    God:
Gold:   366        SH:  0    Dex: 14    Spells: 8/8 levels left

rFire   . . .      SeeInvis .    a - +1 war axe
rCold   . . .      Faith    .    (no shield)
rNeg    . . .      Spirit   .    C - +0 plate armour
rPois   +          Reflect  .    r - +2 helmet
rElec   .          Harm     .    j - +0 cloak
rCorr   .          Rampage  .    F - +0 pair of gloves
Will    .....                    h - +1 pair of boots
Stlth   ..........               (no amulet)
HPRegen 0.21/turn                A - ring of poison resistance
MPRegen 0.11/turn                (no ring)

@: no status effects
A: molten scales 2, powered by death 2
a: no special abilities


You were on level 7 of the Dungeon.
You visited 1 branch of the dungeon, and saw 9 of its levels.
You also visited: Sewer.

You collected 366 gold pieces.

Inventory:

Hand Weapons
 a - a +1 war axe (weapon)
 i - a +0 dagger of venom
 z - a +1 long sword of draining
 H - a +2 whip of electrocution
Missiles
 d - 7 throwing nets
 e - a javelin
 f - 69 stones
 m - 5 boomerangs (quivered)
 s - 13 poisoned darts
 L - a curare-tipped dart
Armour
 b - a +0 leather armour
 c - a +0 helmet
 h - a +1 pair of boots (worn)
 j - a +0 cloak (worn)
 k - a +3 leather armour of cold resistance
 l - a +0 troll leather armour {Pargi}
 n - a +0 chain mail
 p - a +3 ring mail
 r - a +2 helmet (worn)
 C - a +0 plate armour (worn)
 D - a +0 chain mail
 F - a +0 pair of gloves (worn)
Magical Staves
 I - a staff of air
Jewellery
 A - a ring of poison resistance (left hand)
Wands
 G - a wand of mindburst (18)
 J - a wand of acid (7)
Scrolls
 g - 2 scrolls of enchant weapon
 w - a scroll of amnesia
 x - 5 scrolls of teleportation
 y - a scroll of noise
 E - 3 scrolls of poison
Potions
 o - 2 potions of haste
 q - a potion of degeneration
 t - a potion of brilliance
 u - a potion of invisibility
 B - a potion of lignification
 K - a potion of might


   Skills:
 + Level 4.4 Fighting
 + Level 8.2 Axes
 + Level 2.3 Throwing
 + Level 4.5 Armour
 + Level 4.7 Dodging
 + Level 0.5 Stealth


You had 8 spell levels left.
You didn't know any spells.
Your spell library contained the following spells:

 Spells                   Type           Power      Damage    Failure   Level
 Static Discharge         Conj/Air       0%         3-3/arc   100%        2
 Sublimation of Blood     Necr           0%         N/A       100%        2
 Wereblood                Tmut           0%         N/A       100%        2
 Confusing Touch          Hex            0%         N/A       100%        3
 Dazzling Flash           Conj/Hex       0%         N/A       100%        3
 Gell's Gravitas          Tloc           0%         N/A       100%        3
 Portal Projectile        Hex/Tloc       0%         N/A       100%        3
 Stone Arrow              Conj/Erth      0%         3d7       100%        3
 Teleport Other           Tloc           0%         N/A       100%        3
 Tukima's Dance           Hex            0%         N/A       100%        3
 Animate Armour           Summ/Erth      0%         N/A       100%        4
 Animate Dead             Necr           0%         N/A       100%        4
 Leda's Liquefaction      Hex/Erth       0%         N/A       100%        4
 Agony                    Necr           0%         N/A       100%        5
 Blade Hands              Tmut           0%         N/A       100%        5
 Lee's Rapid Deconstruct  Erth           0%         3d5*      100%        5
 Lightning Bolt           Conj/Air       0%         1d11      100%        5
 Silence                  Hex/Air        0%         N/A       100%        5
 Yara's Violent Unravell  Hex/Tmut       0%         3d3       100%        5
 Dispersal                Tloc           0%         N/A       100%        6
 Statue Form              Tmut/Erth      0%         N/A       100%        6
 Enfeeble                 Hex            0%         N/A       100%        7
 Haunt                    Necr/Summ      0%         N/A       100%        7
 Summon Hydra             Summ           0%         N/A       100%        7
 Infestation              Necr           0%         N/A       100%        8
 Lehudib's Crystal Spear  Conj/Erth      0%         10d2      100%        8
 Maxwell's Capacitive Co  Air            0%         ∞         100%        8


Dungeon Overview and Level Annotations

Branches:
Dungeon (9/15)              Sewer (visited)
 Temple: D:4-7         Lair: D:8-11         Orc: D:9-12

Altars:
Dithmenos
Gozag
Uskayaw

Shops:
D:7 (

Annotations:
D:3 1 runed translucent door, Crazy Yiuf
D:7 Joseph, Pikel


Innate Abilities, Weirdness & Mutations

You are mostly covered in molten scales. (AC +3)
You regenerate health from kills.


Message History

You barely miss Joseph. Joseph hits you with a +0 quarterstaff.
You barely miss Joseph. Joseph hits you with a +0 quarterstaff!
You closely miss Joseph.
Joseph zaps a wand.
Your mind is blasted!
* * * LOW HITPOINT WARNING * * *
You completely miss Joseph. Joseph hits you but does no damage.
You slash Joseph!
Joseph is lightly wounded.
Joseph hits you with a +0 quarterstaff.
* * * LOW HITPOINT WARNING * * *
You slash Joseph!
Joseph is moderately wounded.
Joseph hits you but does no damage.
You feel much better. Joseph hits you with a +0 quarterstaff.
You hit Joseph. Your punch misses Joseph.
Joseph is moderately wounded.
Joseph hits you with a +0 quarterstaff.
You closely miss Joseph.
Joseph is moderately wounded.
Joseph barely misses you.
You barely miss Joseph.
Joseph is moderately wounded.
Joseph hits you but does no damage.
You hit Joseph.
Joseph is moderately wounded.
Joseph hits you with a +0 quarterstaff. Joseph hits you but does no damage.
You slash Joseph!
Joseph is heavily wounded.
Joseph hits you but does no damage.
You hit Joseph.
Joseph is heavily wounded.
Joseph zaps a wand.
Your mind is blasted!
* * * LOW HITPOINT WARNING * * *
You barely miss Joseph.
Joseph is heavily wounded.
Joseph smiles happily.
Joseph hits you but does no damage.
You closely miss Joseph.
Joseph is heavily wounded.
Joseph zaps a wand.
Your mind is blasted!
You die...

#......# #...# #
####.....## #..##
##.#..##...###.
#..#..
#...................
.#
##.##.........#####
.. ##..........##..#
........$..## ...
...........# #.
.......@...#
.......@......# .#
#.#..........## ..
..#..#....##.# .. .
....##..## .# ...
#..## .... . ....
#.. .##. .... #. .
#. ....


You could see Joseph.

Vanquished Creatures
  Eustachio (D:4)
  Pargi (Sewer)
  An ice beast (D:7)
  A sky beast (D:7)
  3 black bears
  2 ogres
  2 centaurs (D:6)
  2 lemures (D:6)
  A kobold brigand (D:6)
  A scorpion (D:4)
  2 necrophages (D:5)
  A howler monkey (D:6)
  2 hounds
  A jelly (D:7)
  4 orc priests
  A gnoll bouda (D:5)
  An iguana (D:5)
  2 orc wizards
  Natasha (thrice) (D:2)
  Robin (D:3)
  4 gnolls
  10 adders
  A shadow imp (D:7)
  2 white imps
  3 worms
  2 dart slugs
  11 orcs
  4 ball pythons
  5 endoplasms
  7 giant cockroaches
  15 goblins
  10 hobgoblins
  5 jackals (Sewer)
  13 kobolds
  3 quokkas (D:4)
  2 bats
  7 frilled lizards
  5 rats
142 creatures vanquished.

Vanquished Creatures (others)
  2 plants (D:2)
2 creatures vanquished.

Grand Total: 144 creatures vanquished

Notes
Turn   | Place    | Note
-------+----------+-------------------------------------------
     0 | D:1      | jlumianski the Demonspawn Gladiator began the quest for the
                  | Orb.
     0 | D:1      | Reached XP level 1. HP: 16/16 MP: 1/1
   315 | D:1      | Gained mutation: You regenerate a little health from kills.
                  | [demonic ancestry]
   315 | D:1      | Reached XP level 2. HP: 22/22 MP: 2/2
   337 | D:1      | Reached skill level 3 in Axes
  1103 | D:2      | Gained mutation: You are partially covered in molten
                  | scales. (AC +2) [demonic ancestry]
  1103 | D:2      | Reached XP level 3. HP: 16/27 MP: 3/3
  1568 | D:2      | Found a faded altar of an unknown god.
  1616 | D:2      | Noticed Natasha
  1619 | D:2      | Killed Natasha
  1620 | D:2      | Reached skill level 1 in Armour
  1620 | D:2      | Reached XP level 4. HP: 33/33 MP: 4/4
  1642 | D:2      | Noticed Natasha
  1648 | D:2      | Killed Natasha
  1649 | D:2      | Reached skill level 4 in Axes
  1884 | D:2      | Noticed Natasha
  1890 | D:2      | Killed Natasha
  2118 | D:3      | Found an opulent altar of Gozag.
  2188 | D:4      | Gained mutation: You regenerate health from kills. [demonic
                  | ancestry]
  2188 | D:4      | Reached XP level 5. HP: 38/38 MP: 5/5
  2290 | D:4      | Noticed an ogre
  2308 | D:4      | Killed an ogre
  2328 | D:4      | Gained mutation: You are mostly covered in molten scales.
                  | (AC +3) [demonic ancestry]
  2328 | D:4      | Reached XP level 6. HP: 46/46 MP: 6/6
  2333 | D:4      | Found a hide-covered altar of Uskayaw.
  2436 | D:4      | Reached skill level 5 in Axes
  2490 | D:4      | Noticed Eustachio
  2515 | D:4      | HP: 1/46 [river rat[Eustachio] (7)]
  2517 | D:4      | Killed Eustachio
  2530 | D:5      | Entered Level 5 of the Dungeon
  2709 | D:4      | Found a glowing drain.
  2723 | Sewer    | Entered a sewer
  2743 | Sewer    | Reached XP level 7. HP: 52/52 MP: 7/7
  2811 | Sewer    | Noticed Pargi
  2821 | Sewer    | Killed Pargi
  3168 | D:3      | Noticed Robin
  3181 | D:3      | Killed Robin
  3603 | D:3      | Found a runed translucent door.
  3604 | D:3      | Noticed Crazy Yiuf
  4319 | D:5      | Reached skill level 6 in Axes
  4540 | D:5      | Found a shadowy altar of Dithmenos.
  4754 | D:6      | Reached XP level 8. HP: 60/60 MP: 8/8
  5600 | D:7      | Found Bimih's Weapon Shop.
  5725 | D:6      | Reached skill level 7 in Axes
  5782 | D:7      | Noticed Pikel
  6718 | D:7      | Reached skill level 8 in Axes
  6789 | D:9      | Noticed a hornet
  6844 | D:7      | Reached XP level 9. HP: 32/66 MP: 9/9
  7036 | D:7      | Noticed Joseph
  7056 | D:7      | Blown up by Joseph

Illustrated notes

Levels and vault maps discovered:
D:1:      dpeg_arrival_boxes_within_box, layout_loops_corners
D:2:      layout_rooms, shapermc_ecumenical_altar_flowoftime, uniq_natasha
D:3:      wander_river, layout_loops_ring, grunt_gozag_statues,
          uniq_crazy_yiuf_cottage, uniq_robin
D:4:      layout_basic, mainiacjoe_overflow_catwalk, gup_sewer_entry_bubbles,
          uniq_eustachio
D:5:      layout_basic, grunt_dithmenos_smoke_and_mirrors
D:6:      layout_loops_ring
D:7:      layout_cave_pools, minmay_temple_entry_fiery, serial_shops, shop,
          shop, uniq_pikel, uniq_joseph
D:8:      layout_basic, lemuel_doored_altar
D:9:      layout_cross

Skill      XL: |  1  2  3  4  5  6  7  8 |
---------------+-------------------------+-----
Axes           | 3 4 5 6 8 |  8.2
Dodging        | 3 4 |  4.7
Armour         | 1 2 3 4 |  4.5
Fighting       | 3 4 |  4.4
Throwing       | 2 |  2.3
Stealth        | |  0.5

Action                   |  1- 3 |  4- 6 |  7- 9 || total
-------------------------+-------+-------+-------++-------
Melee: War axe           |    65 |   153 |   314 ||   532
Throw: Boomerang         |     1 |       |    14 ||    15
       Dart              |       |     2 |     8 ||    10
Evoke: Wand              |       |       |     1 ||     1
  Use: Potion            |     1 |     4 |     3 ||     8
       Scroll            |       |     5 |     9 ||    14
Armor: Leather armour    |    22 |       |       ||    22
       Ring mail         |     4 |    95 |   194 ||   293
       Plate armour      |       |       |    39 ||    39
Dodge: Dodged            |    43 |   132 |   245 ||   420

Table legend: (Time is in decaauts)
 A = Elapsed time spent in this place.
 B = Non-inter-level travel time spent in this place.
 C = Inter-level travel time spent in this place.
 D = Time resting spent in this place.
 E = Time spent auto-exploring this place.
 F = Levels seen in this place.
 G = Mean time per level.
                   A        B        C        D        E       F      G
               +--------+--------+--------+--------+--------+-----+--------+
         Total |   7260 |   6955 |    305 |    368 |   3720 |  10 |  726.0 |
       Dungeon |   7084 |   6779 |    305 |    368 |   3704 |   9 |  787.1 |
         Sewer |    176 |    176 |      0 |      0 |     15 |   1 |  176.0 |
               +--------+--------+--------+--------+--------+-----+--------+

Top non-repeatable levels by time:
     D:1: 1392 daAuts
     D:5: 1275 daAuts
     D:4: 1245 daAuts
     D:6: 1090 daAuts
     D:3: 933 daAuts
     D:2: 696 daAuts
     D:7: 429 daAuts
   Sewer: 176 daAuts
     D:8: 21 daAuts
     D:9: 1 daAuts
